 Dungeon Crawl Stone Soup version 0.26.1-11-gd32895ea62 (webtiles) character file.

Game seed: 5657309792358671649

83 Mattiprrivan the Cudgeller (level 4, -1/44 HPs)
             Began as a Troll Berserker on May 9, 2021.
             Was a Believer of Trog.
             Slain by an adder (3 damage)
             ... on level 3 of the Dungeon on May 10, 2021.
             The game lasted 00:17:20 (1614 turns).

Mattiprrivan the Cudgeller (Troll Berserker)        Turns: 1614, Time: 00:17:23

Health: -1/44      AC:  6    Str: 23 (26) XL:     4   Next: 22%
Magic:  3/3        EV: 10    Int:  0 (3)  God:    Trog [**....]
Gold:   132        SH:  0    Dex:  7 (9)  Spells: 3/3 levels left

rFire    x . .     SeeInvis .   a - +0 mace
rCold    + . .     Faith    .   (no shield)
rNeg     . . .     Spirit   .   b - +0 animal skin
rPois    .         Reflect  .   (helmet restricted)
rElec    .         Harm     .   (no cloak)
rCorr    .         Rampage  .   (gloves unavailable)
Will     .....                  (boots unavailable)
Stlth    ++........             (no amulet)
HPRegen  0.54/turn              c - ring of stealth
MPRegen  0.08/turn              d - ring of ice

@: lethally poisoned (-1 -> -4), slowed, lost intelligence, very slow
A: large, unfitting armour, claws 3, regeneration 1, shaggy fur 1, tough skin 3
a: Renounce Religion, Berserk, Trog's Hand


You were on level 3 of the Dungeon.
You worshipped Trog.
Trog was pleased with you.
You visited 1 branch of the dungeon, and saw 3 of its levels.

You collected 132 gold pieces.

Inventory:

Hand Weapons
 a - a +0 mace (weapon)
Missiles
 f - 12 poisoned darts (quivered)
Armour
 b - a +0 animal skin (worn)
Jewellery
 c - a ring of stealth (left claw)
 d - a ring of ice (right claw)
Scrolls
 g - a scroll of identify
 h - a scroll of magic mapping
 i - a scroll of enchant weapon {unknown}
Potions
 e - a potion of flight


   Skills:
 * Level 2.9 Fighting
 * Level 3.3 Maces & Flails
 * Level 0.5 Throwing
 * Level 0.5 Armour
 * Level 3.0 Dodging
 * Level 0.7 Unarmed Combat


You had 3 spell levels left.
You didn't know any spells.
Your spell library was empty.

Dungeon Overview and Level Annotations

Branches:
Dungeon (3/15)

Altars:
Hepliaklqana
Kikubaaqudgha
Sif Muna
Xom
Yredelemnul


Innate Abilities, Weirdness & Mutations

You are too large for most types of armour.
You have claws for hands.
Your natural rate of healing is unusually fast.
You are covered in fur. (AC +1)
You have extremely tough skin. (AC +3)


Message History

The adder bites you.
* * * LOW HITPOINT WARNING * * *
The adder barely misses you.
Okay, then.
Throw: 13 darts (poison)
Press: ? - help, Q - select action, (/) - cycle Shift-Dir - straight line, f/p - adder
Aim: an adder (heavily wounded, 29% to hit)
You throw a poisoned dart. The poisoned dart hits the adder.
The adder is poisoned.
The adder is heavily wounded.
You feel sick. The adder barely misses you. The adder bites you.
* * * LOW HITPOINT WARNING * * *
Hit: a) +0 mace
Press: ? - help, Dir - move target, f/p - adder
Aim: an adder (heavily wounded, poisoned)
You closely miss the adder.
The adder is heavily wounded.
* * * LOW HITPOINT WARNING * * *
You feel sick. The adder bites you.
You die...

#. #. #. #. #
#. ...
#.#####..##
#...@S)..(#
#..####.....
#..# ##. #..#
######..#
......>.#######
.######........
##.#######
.#.#####.....#


You could see an adder (poisoned).

Vanquished Creatures
  An adder (D:2)
  An ooze (D:1)
  A worm (D:3)
  2 dart slugs (D:2)
  A leopard gecko (D:1)
  2 orcs (D:3)
  7 bats
  2 giant cockroaches
  7 hobgoblins
  2 jackals (D:2)
  7 kobolds
  2 ball pythons (D:1)
  4 frilled lizards
  12 goblins
  6 rats
57 creatures vanquished.

Notes
Turn   | Place    | Note
-------+----------+-------------------------------------------
     0 | D:1      | Mattiprrivan the Troll Berserker began the quest for the
                  | Orb.
     0 | D:1      | Reached XP level 1. HP: 22/22 MP: 0/0
   201 | D:1      | Reached XP level 2. HP: 27/29 MP: 1/1
   766 | D:2      | Reached XP level 3. HP: 36/36 MP: 2/2
   992 | D:2      | Reached ** piety under Trog
  1241 | D:2      | Found a hazy altar of Hepliaklqana.
  1242 | D:2      | Found a shimmering altar of Xom.
  1245 | D:2      | Noticed a spectral ugly thing
  1316 | D:2      | Reached XP level 4. HP: 44/44 MP: 3/3
  1341 | D:2      | Lost intelligence.
  1456 | D:2      | Found an ancient bone altar of Kikubaaqudgha.
  1458 | D:2      | Found a shimmering blue altar of Sif Muna.
  1462 | D:2      | Found a basalt altar of Yredelemnul.
  1614 | D:3      | HP: 2/44 [poisoned by an adder]
  1614 | D:3      | Slain by an adder

Illustrated notes

Levels and vault maps discovered:
D:1:      elethiomel_arrival_maze, layout_basic
D:2:      minmay_chambers_of_twos, layout_rooms, regret_index_temple_of_mockery,
          grunt_temple_overflow_diamond, st_stairs_14, minmay_hexomino_u4
D:3:      layout_loops_ring, lightli_sewer_entry_pipes, doesnt_xom_only_xom

Skill      XL: |  1  2  3 |
---------------+----------+-----
Maces & Flails | 3 |  3.3
Dodging        | 3 |  3.0
Fighting       | |  2.9
Throwing       | |  0.5
Armour         | |  0.5
Unarmed Combat | |  0.7

Action                   |  1- 3 |  4- 6 || total
-------------------------+-------+-------++-------
Melee: Mace              |   115 |    24 ||   139
Throw: Dart              |    22 |    21 ||    43
  Use: Scroll            |     6 |       ||     6
       Potion            |     5 |     1 ||     6
 Stab: Sleeping          |     5 |       ||     5
Armor: Animal skin       |    49 |    31 ||    80
Dodge: Dodged            |    66 |    18 ||    84
